 Dungeon Crawl Stone Soup version 0.31-a0-971-g75a2e9a4b4 (webtiles) character file.

Game seed: 12936210311299243658

366 timneilson the Ruffian (level 6, -1/47 HPs)
             Began as a Gnoll Shapeshifter on Oct 28, 2023.
             Engulfed by a steam dragon's steam (7 damage)
             ... on level 4 of the Dungeon.
             The game lasted 00:10:49 (2760 turns).

timneilson the Ruffian (Gnoll Shapeshifter)         Turns: 2760, Time: 00:10:50

Health: -1/47      AC:  6    Str: 15    XL:     6   Next: 68%
Magic:  9/9        EV: 10    Int: 10    God:
Gold:   160        SH:  0    Dex: 11    Spells: 9/9 levels left

rFire   . .          .
                       - Unarmed
rCold   . . .        (no shield)
rNeg    . . .        l - +0 scale mail
rPois   .            (helmet currently unavailable)
rElec   .            (cloak currently unavailable)
rCorr   .            (gloves currently unavailable)
SInv    .            (boots currently unavailable)
Will    .....        (no amulet) Stlth
                     e - ring of wizardry
HPRegen 0.27/turn    (no ring)
MPRegen 0.11/turn

%: wizardry (x1)
@: beast-form
A: beast (slay +3), fangs 1, strong nose, distributed training
a: Begin Untransformation


You were on level 4 of the Dungeon.
You were a hulking beast.
You visited 1 branch of the dungeon, and saw 4 of its levels.

You collected 160 gold pieces.

Inventory:

Armour
 l - a +0 scale mail (worn)
Jewellery
 e - a ring of wizardry (left hand)
 k - a ring of fire
Talismans
 c - a beast talisman
 d - a flux talisman
 m - a maw talisman
Scrolls
 h - 4 scrolls of identify
 o - a scroll of fog {unknown}
Potions
 a - a potion of curing
 b - 4 potions of lignification
 f - a potion of attraction {unknown}
 g - a potion of magic
 i - a potion of invisibility {unknown}
 j - a potion of brilliance {unknown}
 n - a potion of cancellation {unknown}


   Skills:
 + Level 3.3 Fighting
 + Level 2.1 Short Blades
 + Level 2.1 Long Blades
 + Level 2.1 Axes
 + Level 2.1 Maces & Flails
 + Level 2.1 Polearms
 + Level 2.1 Staves
 + Level 2.1 Ranged Weapons
 + Level 2.1 Throwing
 + Level 2.1 Armour
 + Level 5.0 Dodging
 + Level 2.1 Stealth
 + Level 2.1 Shields
 + Level 6.9 Unarmed Combat
 + Level 2.1 Spellcasting
 + Level 1.6 Conjurations
 + Level 1.6 Hexes
 + Level 1.6 Summonings
 + Level 1.6 Necromancy
 + Level 1.6 Translocations
 + Level 1.6 Transmutations
 + Level 1.6 Fire Magic
 + Level 1.6 Ice Magic
 + Level 1.6 Air Magic
 + Level 1.6 Earth Magic
 + Level 1.6 Poison Magic
 + Level 2.3 Invocations
 + Level 2.1 Evocations
 + Level 6.8 Shapeshifting


You had 9 spell levels left.
You didn't know any spells.
Your spell library contained the following spells:

 Spells                   Type           Power      Damage    Failure   Level
 Cigotuvi's Dreadful Rot  Necr/Pois/Air  8%         N/A       34%         2
 Lesser Beckoning         Tloc           8%         N/A       34%         2
 Sublimation of Blood     Necr           4%         N/A       34%         2
 Wereblood                Tmut           4%         N/A       34%         2
 Gell's Gravitas          Tloc           4%         N/A       56%         3
 Ignite Poison            Fire/Tmut/Pois 4%         N/A       56%         3
 Teleport Other           Tloc           4%         N/A       56%         3
 Volatile Blastmotes      Fire/Tloc      8%         2d10      56%         3
 Fulminant Prism          Conj/Hex       2%         3d5       91%         4
 Iskenderun's Mystic Bla  Conj/Tloc      4%         2d3       91%         4
 Freezing Cloud           Conj/Ice/Air   2%         6-21      99%         5
 Summon Hydra             Summ           2%         N/A       100%        7


Dungeon Overview and Level Annotations

Branches:
Dungeon (4/15)             Temple (0/1) D:4

Altars:
Ashenzari
Vehumet
Yredelemnul


Innate Abilities, Weirdness & Mutations

You are a hulking beast.
Your limbs bulge with bestial killing power. (Slay +3)
You have very sharp teeth.
Your uncanny sense of smell can sniff out nearby items.
Your experience applies equally to all skills.


Message History

The steam dragon hisses angrily.
You punch the orc priest!
The orc priest is severely wounded.
You hit the orc priest.
The orc priest is severely wounded.
The orc barely misses you.
You punch the phantom!
The phantom is moderately damaged.
The orc barely misses you.
You closely miss the phantom.
You punch the phantom, but do no damage.
The phantom is moderately damaged.
The phantom hits you. The orc hits you with a +0 flail.
You barely miss the orc.
The orc priest invokes the aid of Beogh against you.
Beogh smites you! The phantom hits you. The orc hits you but does no damage.
You hit the orc. Your bite misses the orc.
The orc is heavily wounded.
The orc hits you but does no damage. The phantom barely misses you.
Unknown command.
It was a potion of curing.
You feel better. The phantom hits you.
The phantom blinks!
The orc barely misses you.
The orc priest mumbles some strange prayers to Beogh against you.
Beogh smites you!
You closely miss the orc.
The orc is heavily wounded.
The orc barely misses you. The phantom hits you.
The phantom blinks!
You blink.
Found a scroll labelled DECSYUM IBYETA.
Found a staircase to the Ecumenical Temple.
The orc hits you with a +0 club.
* * * LOW HITPOINT WARNING * * *
The phantom closely misses you.
The orc priest hits you but does no damage.
The steam dragon breathes steam at you. The ball of steam hits you.
* * * LOW HITPOINT WARNING * * *
You punch the orc priest!
You kill the orc priest!
You are engulfed in a cloud of scalding steam.
You die...

∆ .>.. .....
⌠...⌠ # .... ##
#. ...
...#.####.# #
#.........##...
#....W........
#...§§h§D.###?
....##.)o### ..#
... ###o## ..# .
#.§## ...#
##).## #..####
#...## #.>....
#....#####.#....
#......##..# #
#..........#####


You could see a steam dragon (catching breath), a phantom and 2 orcs.

Vanquished Creatures
  2 orc priests
  3 orc wizards (D:3)
  7 gnolls
  8 adders
  5 dart slugs
  11 orcs
  10 ball pythons
  8 endoplasms
  A giant cockroach (D:1)
  6 goblins
  9 hobgoblins
  5 quokkas
  12 bats
  3 frilled lizards
  12 kobolds
  4 rats
  A spectral orc (D:3)
107 creatures vanquished.

Notes
Turn   | Place    | Note
-------+----------+-------------------------------------------
     0 | D:1      | timneilson the Gnoll Shapeshifter began the quest for the
                  | Orb.
     0 | D:1      | Reached XP level 1. HP: 17/17 MP: 1/1
   151 | D:1      | Reached XP level 2. HP: 22/23 MP: 2/2
   749 | D:1      | Reached XP level 3. HP: 28/28 MP: 3/3
  1016 | D:1      | Reached skill level 1 in Invocations
  1021 | D:1      | Reached skill level 1 in Short Blades
  1021 | D:1      | Reached skill level 1 in Long Blades
  1021 | D:1      | Reached skill level 1 in Axes
  1021 | D:1      | Reached skill level 1 in Maces & Flails
  1021 | D:1      | Reached skill level 1 in Polearms
  1021 | D:1      | Reached skill level 1 in Staves
  1021 | D:1      | Reached skill level 1 in Ranged Weapons
  1021 | D:1      | Reached skill level 1 in Throwing
  1021 | D:1      | Reached skill level 1 in Armour
  1021 | D:1      | Reached skill level 1 in Stealth
  1021 | D:1      | Reached skill level 1 in Shields
  1021 | D:1      | Reached skill level 1 in Spellcasting
  1021 | D:1      | Reached skill level 1 in Evocations
  1028 | D:2      | Reached XP level 4. HP: 26/34 MP: 5/5
  1083 | D:2      | Found a radiant altar of Vehumet.
  1185 | D:2      | Reached skill level 1 in Conjurations
  1185 | D:2      | Reached skill level 1 in Hexes
  1185 | D:2      | Reached skill level 1 in Summonings
  1185 | D:2      | Reached skill level 1 in Necromancy
  1185 | D:2      | Reached skill level 1 in Translocations
  1185 | D:2      | Reached skill level 1 in Transmutations
  1185 | D:2      | Reached skill level 1 in Fire Magic
  1185 | D:2      | Reached skill level 1 in Ice Magic
  1185 | D:2      | Reached skill level 1 in Air Magic
  1185 | D:2      | Reached skill level 1 in Earth Magic
  1185 | D:2      | Reached skill level 1 in Poison Magic
  1318 | D:2      | Reached XP level 5. HP: 38/40 MP: 6/6
  1844 | D:3      | Reached XP level 6. HP: 45/47 MP: 8/8
  1985 | D:3      | Found a basalt altar of Yredelemnul.
  2203 | D:3      | Reached skill level 5 in Dodging
  2322 | D:4      | Noticed a black bear
  2624 | D:4      | Found a broken altar of Ashenzari.
  2750 | D:4      | Noticed a steam dragon
  2758 | D:4      | Found a staircase to the Ecumenical Temple.
  2760 | D:4      | Engulfed by a steam dragon's steam

Illustrated notes

Levels and vault maps discovered:
D:1:      erik_arrival_orb_chamber, layout_loops_corners, chequers_mini_garden,
          columned_hall_lemuel
D:2:      layout_rooms, basic_altar, chequers_serial_rivers_micro_c,
          minmay_tall_x, uniq_sigmund
D:3:      minmay_diamond_boxcup, layout_basic,
          yredelemnul_forgotten_temple_becter
D:4:      layout_layer_cave, nicolae_overflow_crystal_walls,
          minmay_temple_entry_large_hall

Skill      XL: |  1  2  3  4  5  6 |
---------------+-------------------+-----
Invocations    | 1 2 |  2.3
Short Blades   | 1 2 |  2.1
Long Blades    | 1 2 |  2.1
Axes           | 1 2 |  2.1
Maces & Flails | 1 2 |  2.1
Polearms       | 1 2 |  2.1
Staves         | 1 2 |  2.1
Ranged Weapons | 1 2 |  2.1
Throwing       | 1 2 |  2.1
Armour         | 1 2 |  2.1
Stealth        | 1 2 |  2.1
Shields        | 1 2 |  2.1
Spellcasting   | 1 2 |  2.1
Evocations     | 1 2 |  2.1
Conjurations   | 1 |  1.6
Hexes          | 1 |  1.6
Summonings     | 1 |  1.6
Necromancy     | 1 |  1.6
Translocations | 1 |  1.6
Transmutations | 1 |  1.6
Fire Magic     | 1 |  1.6
Ice Magic      | 1 |  1.6
Air Magic      | 1 |  1.6
Earth Magic    | 1 |  1.6
Poison Magic   | 1 |  1.6
Fighting       | 3 |  3.3
Dodging        | 5 |  5.0
Unarmed Combat | |  6.9
Shapeshifting  | |  6.8

Action                     |  1- 3 |  4- 6 || total
---------------------------+-------+-------++-------
  Melee: Unarmed           |    49 |   186 ||   235
         Bite              |     6 |    12 ||    18
         Punch             |       |     9 ||     9
    Use: Scroll            |     3 |     3 ||     6
         Potion            |       |     1 ||     1
   Stab: Sleeping          |     1 |       ||     1
 Armour: Animal skin       |    21 |     7 ||    28
         Ring mail         |       |    24 ||    24
         Scale mail        |       |    72 ||    72
  Dodge: Dodged            |    36 |    93 ||   129

Table legend: (Time is in decaauts)
 A = Elapsed time spent in this place.
 B = Non-inter-level travel time spent in this place.
 C = Inter-level travel time spent in this place.
 D = Time resting spent in this place.
 E = Time spent auto-exploring this place.
 F = Levels seen in this place.
 G = Mean time per level.
                   A        B        C        D        E       F      G
               +--------+--------+--------+--------+--------+-----+--------+
         Total |   2734 |   2672 |     62 |     60 |   1726 |   4 |  683.5 |
       Dungeon |   2734 |   2672 |     62 |     60 |   1726 |   4 |  683.5 |
               +--------+--------+--------+--------+--------+-----+--------+

Top non-repeatable levels by time:
     D:1: 971 daAuts
     D:3: 908 daAuts
     D:2: 527 daAuts
     D:4: 328 daAuts
